 Dungeon Crawl Stone Soup version 0.22-b1-59-g0aedee7 (webtiles) character file.

330 MTVSty1e the Chopper (level 6, -4/37 HPs)
             Began as a Gargoyle Monk on Aug 9, 2018.
             Slain by an ogre
             ... wielding a +0 giant club
              (17 damage)
             ... on level 4 of the Dungeon.
             The game lasted 00:05:15 (3760 turns).

MTVSty1e the Chopper (Gargoyle Monk)                Turns: 3760, Time: 00:05:16

Health: -4/37      AC: 15    Str: 17    XL:     6   Next: 51%
Magic:  6/6        EV:  5    Int: 10    God:
Gold:   260        SH:  0    Dex: 12    Spells: 5/5 levels left

rFire    . . .     SeeInvis .   a - +0 hand axe
rCold    . . .     Gourm    .   (no shield)
rNeg     + . .     Faith    .   v - +0 plate armour (curse)
rPois    ∞         Spirit   .   l - +0 helmet
rElec    +         Reflect  .   (no cloak)
rCorr    .         Harm     .   (no gloves)
MR       .....                  (no boots)
Stlth    ..........             (no amulet)
HPRegen  0.12/turn              (no ring)
MPRegen  0.10/turn              (no ring)

@: hasted, very quick
A: negative energy resistance 1, electricity resistance, unbreathing,
petrification resistance, rot immunity, AC +4
a: no special abilities


You were on level 4 of the Dungeon.
You were not hungry.

You visited 1 branch of the dungeon, and saw 4 of its levels.

You collected 260 gold pieces.

Inventory:

Hand Weapons
 a - a +0 hand axe (weapon)
Armour
 i - a +0 chain mail
 k - a +0 plate armour
 l - a +0 helmet (worn)
 v - a cursed +0 plate armour (worn)
Scrolls
 e - 3 scrolls of teleportation {unknown}
 f - 5 scrolls of identify {unknown}
 m - a scroll of magic mapping {unknown}
 n - a scroll of immolation {unknown}
 o - a scroll of random uselessness {unknown}
 p - 2 scrolls of fog {unknown}
 q - 2 scrolls of remove curse {unknown}
 r - a scroll of fear {unknown}
Potions
 b - 3 potions of curing
 d - a potion of haste
 g - a potion of berserk rage {unknown}
 h - a potion of brilliance {unknown}
 j - 3 potions of cancellation {unknown}
 s - 2 potions of invisibility {unknown}
 t - a potion of flight {unknown}
 u - a potion of heal wounds {unknown}
Comestibles
 c - 4 rations
 w - 2 chunks of flesh


   Skills:
 - Level 3.2 Fighting
 + Level 6.5 Axes
 - Level 2.4 Dodging
 - Level 2.1 Stealth


You had 5 spell levels left.
You didn't know any spells.
Your spell library was empty.

Dungeon Overview and Level Annotations

Branches:
Dungeon (4/15)
 Temple: D:4-7

Altars:
Ashenzari
Cheibriados
Trog
Wu Jian
Yredelemnul


Innate Abilities, Weirdness & Mutations

You are resistant to torment.
Your stone body is resilient. (AC +4)
You are immune to poison.
You resist negative energy. (rN+)
You are resistant to electric shocks. (rElec)
You can survive without breathing.
You are immune to petrification.
You are immune to rotting.


Message History

No target in view!
No target in view!
No target in view!
No target in view!
No target in view!
No target in view!
No target in view!
No target in view!
No target in view!
An ogre comes into view. It is wielding a giant club.
The ogre shouts!
You barely miss the ogre. The ogre hits you with a giant club!!
An ogre is nearby!
An ogre is nearby!
You are too injured to fight recklessly!
An ogre is nearby!
You are too injured to fight recklessly!
It was a potion of haste.
You feel yourself speed up. The ogre hits you with a giant club!
You die...

...............#.#
#.###..###.....#.##
#.#...........#
#.#.###...##..#
#.#.#
##.###..###### #.
#............#
#..###..##.#.# .
#..# .. #@.# .#
#....O..# #
#...##..# .... ...#
#.. #.## #. #.. #
#.. ...


You could see an ogre.

Vanquished Creatures
  2 orc priests
  A worker ant (D:4)
  3 gnolls (D:3)
  10 adders
  A shadow imp (D:4)
  A worm (D:2)
  4 dart slugs
  A leopard gecko (D:2)
  9 orcs
  10 bats
  5 giant cockroaches
  6 goblins
  9 hobgoblins
  12 jackals
  8 kobolds
  5 quokkas
  2 ball pythons (D:2)
  4 frilled lizards
  9 rats
102 creatures vanquished.

Notes
Turn   | Place    | Note
-------+----------+-------------------------------------------
     0 | D:1      | MTVSty1e the Gargoyle Monk began the quest for the Orb.
     0 | D:1      | Reached XP level 1. HP: 14/14 MP: 1/1
     4 | D:1      | Noticed an electric eel
     4 | D:1      | Noticed an electric eel
    21 | D:1      | Reached skill level 3 in Axes
    65 | D:1      | Reached XP level 2. HP: 14/19 MP: 2/2
   175 | D:1      | Reached XP level 3. HP: 11/23 MP: 3/3
   581 | D:1      | Reached skill level 4 in Axes
   888 | D:2      | Reached XP level 4. HP: 25/28 MP: 4/4
  1892 | D:2      | Reached skill level 5 in Axes
  1892 | D:2      | Reached XP level 5. HP: 32/32 MP: 5/5
  2816 | D:3      | Found a shattered altar of Ashenzari.
  3058 | D:3      | Found a basalt altar of Yredelemnul.
  3058 | D:3      | Found a bloodstained altar of Trog.
  3067 | D:3      | Reached XP level 6. HP: 15/37 MP: 6/6
  3326 | D:3      | Found a snail-covered altar of Cheibriados.
  3472 | D:4      | Reached skill level 6 in Axes
  3615 | D:4      | Found an ornate altar of the Wu Jian Council.
  3760 | D:4      | Slain by an ogre

Skill      XL: |  1  2  3  4  5  6 |
---------------+-------------------+-----
Axes           | 3 4 5 6 |  6.5
Fighting       | |  3.2
Dodging        | |  2.4
Stealth        | |  2.1

Action                   |  1- 3 |  4- 6 || total
-------------------------+-------+-------++-------
Melee: Hand axe          |   130 |   283 ||   413
  Use: Potion            |       |     2 ||     2
 Stab: Sleeping          |     1 |       ||     1
  Eat: Chunk             |       |     6 ||     6
       Ration            |       |     1 ||     1
Armor: Robe              |    24 |       ||    24
       Scale mail        |    34 |       ||    34
       Chain mail        |    21 |    16 ||    37
       Plate armour      |       |   274 ||   274
Dodge: Dodged            |   108 |   102 ||   210
